Map: 亚历山大港 - 天梯版

Players

Neeb - Winner!

  • Race: Protoss Protoss

Serral

  • Race: Zerg Zerg

Event: WESG 2018 Grand Finals

VOD

Have the link to the VOD?

Description

Time

  • Played on: March 11, 2019, 12:13 a.m.
  • Length: 8:13

All games in this series

Show
View Real Time Build Order
Export as new Build Order

Neeb Protoss - Winner!

Build Orders: Oracle Opening, Zealot Archon 

Get SALT Encoding   

  12  0:00  Probe  
  13  0:12  Probe  
  14  0:17  Pylon  
  14  0:24  Probe  
  15  0:32  Probe  
  15  0:40  Probe  
  15  0:41  Forge  
  17  0:51  Probe  
  18  1:02  Pylon  
  18  1:11  Pylon  
  18  1:15  Pylon  
  18  1:21  Photon Cannon  
  18  1:26  Pylon  
  18  1:30  Pylon  
  18  1:31  Probe  
  19  1:41  Gateway  
  19  1:43  Probe  
  20  1:47  Photon Cannon  
  20  1:49  Assimilator  
  20  2:10  Nexus  
  20  2:13  Probe  
  21  2:22  Assimilator  
  21  2:28  Cybernetics Core  
  21  2:29  Probe  
  22  2:37  Probe  
  23  2:46  Probe  
  23  2:51  Pylon  
  24  2:57  Adept  
  24  2:58  Probe  
  25  3:10  Probe  
  25  3:11  Stargate  
  28  3:17  Adept  
  28  3:22  Probe  
  28  3:26  Probe  
  32  3:29  Warp Gate  
  32  3:34  Probe  
  32  3:38  Probe  
  33  3:46  Probe, Oracle  
  34  3:49  Pylon, Adept  
  37  3:56  Pylon  
  37  3:58  Probe  
  40  4:07  Probe  
  41  4:10  Pylon, Probe  
  42  4:18  Phoenix  
  42  4:19  Probe  
  42  4:22  Probe  
  46  4:31  Probe  
  46  4:34  Assimilator  
  46  4:35  Pylon, Probe  
  46  4:36  Assimilator  
  48  4:44  Probe  
  49  4:47  Probe, Oracle  
  53  4:56  Probe  
  53  4:59  Probe  
  55  5:05  Pylon  
  55  5:08  Probe, Robotics Facility  
  55  5:11  Probe  
  57  5:18  Twilight Council  
  57  5:20  Probe  
  58  5:23  Probe  
  58  5:27  Gateway  
  59  5:28  Gateway  
  59  5:29  Protoss Ground Weapons Level 1  
  59  5:31  Gateway  
  59  5:43  Gateway  
  59  5:44  Gateway  
  59  5:47  Charge  
  59  5:49  Gateway  
  59  5:51  Warp Prism, Gateway  
  61  6:10  Templar Archives  
  61  6:13  Pylon  
  61  6:14  Pylon  
  61  6:23  Zealot x3  
  67  6:43  Nexus  
  67  6:44  Nexus  
  67  6:46  Pylon  
  65  6:50  High Templar x4  
  73  6:55  Archon x2  
  73  6:57  Zealot x2  
  73  6:58  Zealot  
  79  7:08  Observer  
  80  7:24  Zealot x8  
  96  7:34  Pylon  
  96  7:45  Zealot x3  
Show
View Real Time Build Order
Export as new Build Order

Serral Zerg 

Build Orders: Hatch First 

Get SALT Encoding   

  12  0:00  Drone  
  13  0:12  Overlord  
  13  0:18  Drone  
  14  0:31  Drone x2  
  16  0:48  Hatchery  
  15  0:52  Drone  
  15  0:56  Drone  
  17  0:59  Drone  
  18  1:10  Extractor  
  17  1:15  Spawning Pool  
  16  1:19  Drone  
  16  1:23  Drone  
  18  1:33  Drone  
  19  1:51  Hatchery  
  19  2:03  Queen  
  19  2:04  Zergling x2  
  19  2:05  Overlord  
  22  2:14  Metabolic Boost  
  22  2:26  Zergling x4  
  22  2:27  Zergling x2  
  25  2:38  Zergling x2  
  25  2:39  Queen  
  27  2:58  Hatchery  
  26  3:04  Drone  
  27  3:05  Queen  
  29  3:14  Drone  
  29  3:16  Zergling x4  
  32  3:24  Overlord  
  32  3:25  Drone  
  33  3:28  Drone  
  34  3:39  Drone x2  
  34  3:45  Drone  
  34  3:46  Drone  
  36  3:48  Drone  
  36  3:49  Drone x2  
  36  3:52  Evolution Chamber  
  36  4:00  Queen  
  38  4:07  Drone x3  
  41  4:10  Drone  
  41  4:14  Spore Crawler  
  41  4:18  Spore Crawler  
  41  4:22  Zergling x4  
  42  4:26  Spore Crawler  
  42  4:29  Zerg Melee Weapons Level 1  
  41  4:35  Queen  
  41  4:38  Drone  
  44  4:42  Drone x2  
  44  4:44  Drone  
  44  4:45  Drone  
  47  4:57  Zergling x2  
  47  4:58  Zergling x4  
  50  5:02  Overlord x2  
  50  5:05  Overlord  
  50  5:07  Overlord  
  50  5:12  Overlord  
  49  5:25  Drone x7  
  49  5:27  Drone  
  57  5:29  Drone  
  57  5:34  Lair  
  58  5:41  Zergling x4  
  58  5:42  Drone  
  61  5:43  Drone  
  61  5:44  Drone  
  61  5:45  Drone  
  61  5:49  Drone x2  
  66  5:50  Extractor x2  
  64  5:57  Drone x3  
  64  5:58  Baneling Nest  
  64  6:04  Drone x3  
  64  6:07  Overlord  
  64  6:08  Drone  
  64  6:09  Drone  
  66  6:11  Drone  
  66  6:12  Drone  
  66  6:14  Drone  
  69  6:19  Overlord  
  69  6:20  Drone x2  
  71  6:27  Zergling x2  
  71  6:28  Zergling x4  
  74  6:35  Hydralisk Den, Drone  
  74  6:37  Extractor  
  74  6:39  Drone x2  
  72  6:42  Overlord x2  
  72  6:43  Drone x3  
  75  6:51  Drone x2  
  75  6:54  Overlord  
  77  7:00  Drone x3  
  80  7:11  Hydralisk  
  80  7:14  Hatchery  
  80  7:15  Spore Crawler  
  80  7:16  Hydralisk  
  80  7:21  Hydralisk x2  
  86  7:29  Hydralisk  
  88  7:31  Baneling x4  
  88  7:35  Zergling x2  
  82  7:44  Zergling x16  
  82  7:47  Zergling x6  
  82  7:49  Zergling x2  
  82  7:50  Zergling x2  
  75  7:52  Zergling x2  
Tags
 
Add a new tag
Caveats
  • Supply blocks, unpowered buildings, or Contaminate may cause inaccurate times.
  • Supply counts are checked every 10 seconds.